 Dungeon Crawl Stone Soup version 0.31.0-1-g2c135a008e (webtiles) character file.

Game seed: 10695846925385622667

231 qw the Shooter (level 6, -1/46 HPs)
             Began as a Djinni Hunter on Jan 23, 2024.
             Slain by an orc
             ... wielding a +0 dagger
              (2 damage)
             ... on level 4 of the Dungeon.
             The game lasted 00:00:09 (2895 turns).

qw the Shooter (Djinni Hunter)                      Turns: 2895, Time: 00:00:10

Health: -1/46      AC:  7    Str: 10    XL:     6   Next: 24%
Gold:   192        EV: 11    Int: 11    God:
                   SH:  0    Dex: 18

rFire   + + .        c - +0 orcbow
rCold   x . .        (shield currently unavailable)
rNeg    . . .        d - +0 ring mail
rPois   inf          (no helmet)
rElec   .            (no cloak)
rCorr   .            (no gloves)
SInv    .            (boots unavailable)
Will    .....        (no amulet)
Stlth   +            (no ring)
HPRegen 0.27/turn    (no ring)
MPRegen 0.00/turn

%: infuse magic (-2 HP)
@: flying
A: sickness immunity, fire resistance 2, cold vulnerability 1, float, innate
caster, HP casting, extra vitality 1, iridescent scales 1, screaming 1
a: no special abilities


You were on level 4 of the Dungeon.
You visited 1 branch of the dungeon, and saw 4 of its levels.

You collected 192 gold pieces.


Innate Abilities, Weirdness & Mutations

You are immune to sickness and miasma.
You are immune to poison.
Your flesh is very heat resistant. (rF++)
You are vulnerable to cold. (rC-)
You float through the air rather than walking.
You learn spells naturally, not from books.
Your magical power is your life essence.
You have superior vitality. (+4 MHP)
You are partially covered in iridescent scales. (AC +2)
You occasionally shout uncontrollably at your foes.


   Skills:
 - Level 3.0 Fighting
 + Level 4.6 Ranged Weapons
 - Level 2.8 Armour
 - Level 3.0 Dodging
 - Level 0.7 Stealth


You knew the following spells:

 Your Spells              Type           Power      Damage    Failure   Level
a - Slow                  Hex            0%         N/A       65%         1
b - Ensorcelled Hibernat  Hex/Ice        0%         N/A       78%         2
Your spell library was empty.

Inventory:

Hand Weapons
 c - a +0 orcbow (weapon)
Armour
 d - a +0 ring mail (worn)
Wands
 b - a wand of charming (12)
Potions
 f - a potion of enlightenment
 i - a potion of cancellation

Dungeon Overview and Level Annotations

Branches:
Dungeon (4/15)
 Temple: D:4-7

Altars:

Annotations:
D:4 1 runed translucent door


Message History

The goblin misses you. The hobgoblin barely misses you.
The kobold closely misses you. The orc closely misses you.
The orc barely misses you.
You shoot an arrow. The arrow hits the kobold.
The kobold is moderately wounded.
The orc closely misses you.
The hobgoblin hits you but does no damage.
The kobold closely misses you. The orc barely misses you.
The goblin closely misses you.
You shoot an arrow. The arrow closely misses the kobold.
You hear some strange, mumbled words.
A puff of flame appears from out of thin air!
The puff of flame hits you. You resist. The orc closely misses you.
The goblin hits you but does no damage. The hobgoblin barely misses you.
The kobold hits you but does no damage. The orc hits you but does no damage.
The orc barely misses you. The goblin hits you but does no damage.
The hobgoblin hits you but does no damage.
The kobold hits you with a +0 short sword.
Something hits you but does no damage. The orc closely misses you.
You shoot an arrow. The arrow barely misses the kobold.
You hear some strange, mumbled words.
A magic dart appears from out of thin air!
The magic dart hits you. The hobgoblin closely misses you.
The kobold hits you but does no damage. The orc completely misses you.
The orc hits you but does no damage. The goblin hits you but does no damage.
You shoot an arrow. The arrow hits the kobold!
You kill the kobold!
Something hits you but does no damage. The orc hits you but does no damage.
The hobgoblin hits you. The orc hits you with a +0 dagger.
The goblin hits you but does no damage.
You shoot an arrow. The arrow hits the hobgoblin!
You kill the hobgoblin!
Something hits you but does no damage. The orc hits you but does no damage.
The goblin hits you but does no damage. The orc hits you with a +0 dagger.
The goblin hits you but does no damage. Something hits you.
The orc barely misses you.
You shoot an arrow. The arrow closely misses the orc.
Something hits you but does no damage. The orc hits you but does no damage.
The orc hits you with a +0 dagger.
You die...

..# .# .. ..# .###..
##.##...... .. #.~.#
.......... ... #.~.#
#.#...... ...>#.~.#
#o#..#.#
....##+#####oo{...#..
........#...g@o......
......##.#.#)...#..
###.#..##.#.#.......
#...........#......#
###.##.##.#.#.......
#..##.##.#.#....###
#..##.##...#....#
#..........#..#.#
#.###........


You could see 4 orcs and a goblin.

Vanquished Creatures
  An ogre (D:4)
  8 adders
  A ribbon worm (D:3)
  A dart slug (D:1)
  5 orcs
  5 ball pythons
  7 endoplasms
  3 giant cockroaches
  12 hobgoblins
  4 jackals (D:3)
  3 quokkas
  A bat (D:2)
  3 frilled lizards
  3 goblins
  3 kobolds
  8 rats
68 creatures vanquished.

Notes
Turn   | Place    | Note
-------+----------+-------------------------------------------
     0 | D:1      | qw the Djinni Hunter began the quest for the Orb.
     0 | D:1      | Reached XP level 1. HP: 18/18 MP: 0/0
     0 | D:1      | 0 ||| qw: Version: 0.3-a-136-gdd3b4e8
     0 | D:1      | 0 ||| qw: Game counter: 1178
     0 | D:1      | 0 ||| qw: Melee chars always use a shield: true
     0 | D:1      | 0 ||| qw: God list: Okawaru
     0 | D:1      | 0 ||| qw: Allow faded altars: false
     0 | D:1      | 0 ||| qw: Do Orc after clearing Dungeon:15 true
     0 | D:1      | 0 ||| qw: Do second Lair branch before Depths: true
     0 | D:1      | 0 ||| qw: Lair rune preference: random
     0 | D:1      | 0 ||| qw: Goals: Normal
     0 | D:1      | 0 ||| PLANNING D:1-11
   147 | D:1      | Reached XP level 2. HP: 16/23 MP: 0/0
   506 | D:1      | Reached skill level 4 in Ranged Weapons
   506 | D:1      | Reached XP level 3. HP: 23/28 MP: 0/0
   506 | D:1      | Learned a level 1 spell: Slow
   929 | D:1      | 929 ||| READING scroll labelled LIAFOE DESUEGAU.
  1030 | D:1      | 1030 ||| READING 2 scrolls labelled WEDDUR VARONLA.
  1030 | D:1      | 1030 ||| IDENTIFYING 2 glowing puce potions
  1031 | D:1      | 1031 ||| DRINKING 2 potions of mutation.
  1031 | D:1      | Gained mutation: You are frail. (-10% HP) [potion of
                  | mutation]
  1031 | D:1      | Gained mutation: You expend health (3 HP) to strengthen
                  | your wands. [potion of mutation]
  1032 | D:1      | 1032 ||| DRINKING potion of mutation.
  1032 | D:1      | Lost mutation: You are frail. (-10% HP) [potion of
                  | mutation]
  1032 | D:1      | Lost mutation: You expend health (3 HP) to strengthen your
                  | wands. [potion of mutation]
  1032 | D:1      | Gained mutation: You occasionally shout uncontrollably at
                  | your foes. [potion of mutation]
  1032 | D:1      | Gained mutation: You are partially covered in iridescent
                  | scales. (AC +2) [potion of mutation]
  1043 | D:1      | 1043 ||| READING scroll of identify.
  1043 | D:1      | 1043 ||| IDENTIFYING scroll labelled VUGEICVUIQ
  1044 | D:1      | 1044 ||| DROPPING scroll of butterflies.
  1220 | D:2      | Reached XP level 4. HP: 34/34 MP: 0/0
  1252 | D:2      | Reached skill level 3 in Fighting
  1655 | D:2      | 1655 ||| READING scroll labelled VUTHES USITO.
  1656 | D:2      | 1656 ||| READING scroll labelled ZISIOCIPTA.
  1657 | D:2      | 1657 ||| READING scroll labelled FEWUNEU HURHYNN.
  1658 | D:2      | 1658 ||| DRINKING 2 grey potions.
  1825 | D:3      | Reached skill level 3 in Dodging
  2127 | D:3      | HP: 6/35 [orc/+0 short sword (4)]
  2128 | D:3      | 2128 ||| READING scroll of teleportation.
  2134 | D:3      | Reached XP level 5. HP: 6/40 MP: 0/0
  2134 | D:3      | Learned a level 2 spell: Ensorcelled Hibernation
  2601 | D:3      | 2601 ||| UPGRADING to +0 ring mail.
  2611 | D:3      | 2611 ||| DROPPING +0 leather armour.
  2612 | D:3      | 2612 ||| READING 2 scrolls of identify.
  2612 | D:3      | 2612 ||| IDENTIFYING cyan potion
  2613 | D:3      | 2613 ||| READING scroll of identify.
  2613 | D:3      | 2613 ||| IDENTIFYING scroll labelled RUERIYRHOE
  2614 | D:3      | 2614 ||| READING scroll of brand weapon.
  2614 | D:3      | 2614 ||| BRANDING +0 shortbow.
  2615 | D:3      | 2615 ||| READING scroll labelled EMPACU OTOOZISMU.
  2693 | D:4      | 2693 ||| PLANNING SEWER
  2744 | D:4      | 2744 ||| SWAPPING to +0 orcbow.
  2746 | D:4      | 2746 ||| DROPPING +0 heavy shortbow.
  2858 | D:4      | Found a runed translucent door.
  2869 | D:4      | Noticed an ogre
  2874 | D:4      | Killed an ogre
  2875 | D:4      | Reached XP level 6. HP: 46/46 MP: 0/0
  2892 | D:4      | HP: 10/46 [something/magic dart (4)]
  2893 | D:4      | HP: 4/46 [orc/+0 dagger (3)]
  2894 | D:4      | HP: 1/46 [something (2)]
  2895 | D:4      | Slain by an orc

Levels and vault maps discovered:
D:1:      minmay_arrival_shattered_statue, layout_loops_corners, hex_large
D:2:      layout_basic, st_stairs_4
D:3:      layout_basic, nrook_loot_triangle
D:4:      layout_basic, grunt_temple_overflow_open,
          ebering_ghost_reflecting_pool, portal_sewer_entry_a

Skill      XL: |  1  2  3  4  5 |
---------------+----------------+-----
Ranged Weapons | 4 |  4.6
Fighting       | 3 |  3.0
Dodging        | 3 |  3.0
Armour         | 2 |  2.8
Stealth        | |  0.7

Action                     |  1- 3 |  4- 6 || total
---------------------------+-------+-------++-------
   Fire: Shortbow          |    67 |   148 ||   215
         Orcbow            |       |    40 ||    40
    Use: Scroll            |     3 |     8 ||    11
         Potion            |     2 |     1 ||     3
 Armour: Leather armour    |     6 |    62 ||    68
         Ring mail         |       |    73 ||    73
  Dodge: Dodged            |    11 |   108 ||   119

Table legend:
 A = Non-vault XP
 B = Vault XP
 C = Vault XP percentage of total XP
 D = Non-vault monster count
 E = Vault monster count
 F = Vault count percentage of total count
                 A         B        C        D         E       F
            +---------+---------+-------+---------+---------+-------
      Total |     316 |      15 |   4.5 |      66 |       2 |   2.9
            +---------+---------+-------+---------+---------+-------
        D:1 |      38 |       0 |   0.0 |      21 |       0 |   0.0
        D:2 |      44 |      15 |  25.4 |      15 |       2 |  11.8
        D:3 |      67 |       0 |   0.0 |      21 |       0 |   0.0
        D:4 |     167 |       0 |   0.0 |       9 |       0 |   0.0
            +---------+---------+-------+---------+---------+-------
